 Dungeon Crawl Stone Soup version 0.21.0-3-g78d12a8 (webtiles) character file.

127 theanonym the Skirmisher (level 5, -4/54 HPs)
             Began as an Ogre Enchanter on Jan 17, 2018.
             Was an Initiate of Elyvilon.
             Slain by a crocodile (14 damage)
             ... in a sewer.
             The game lasted 00:07:41 (3262 turns).

theanonym the Skirmisher (Ogre Enchanter)           Turns: 3262, Time: 00:07:42

Health: -4/54      AC:  3    Str: 13    XL:     5   Next: 11%
Magic:  6/17       EV: 10    Int: 16    God:    Elyvilon [......]
Gold:   106        SH:  3    Dex: 11    Spells: 1/8 levels left

rFire    . . .     SeeInvis .   a - +0 hand axe
rCold    . . .     Gourm    .   (no shield)
rNeg     . . .     Faith    .   b - +0 robe {0}
rPois    .         Spirit   .   (helmet restricted)
rElec    .         Reflect  +   (no cloak)
rCorr    .         Harm     .   (gloves unavailable)
MR       .....                  (boots unavailable)
Stlth    ++........             k - +3 amulet of reflection
HPRegen  0.18/turn              h - ring of magical power {MP+9}
MPRegen  0.15/turn              (no ring)

@: hasted, very quick
A: large, unfitting armour, talons 1, agile 1, tough skin 1
a: Renounce Religion


Innate Abilities, Weirdness & Mutations

You are too large for most types of armour.
You have tough skin. (AC +1)
You have sharp toenails.
You are agile. (Dex +2)


   Skills:
 + Level 3.7 Fighting
   Level 0.8 Short Blades
 * Level 3.1(3.2) Axes
   Level 0.8(2.0) Maces & Flails
 - Level 1.7 Dodging
 - Level 2.1 Stealth
 - Level 2.4 Spellcasting
 - Level 2.6 Hexes


You had one spell level left.
You knew the following spells:

 Your Spells              Type           Power        Failure   Level  Hunger
a - Corona                Hex            ##.....      7%          1    #......
b - Tukima's Dance        Hex            ##......     21%         3    ###....
c - Confuse               Hex            ##......     21%         3    ###....

Skill      XL: |  1  2  3  4  5 |
---------------+----------------+-----
Fighting       | 1 2 3 |  3.7
Axes           | 2 3 |  3.1
Short Blades   | |  0.8
Maces & Flails | |  0.8
Dodging        | |  1.7
Stealth        | |  2.1
Spellcasting   | |  2.4
Hexes          | |  2.6

Action                   |  1- 3 |  4- 6 || total
-------------------------+-------+-------++-------
Melee: Dagger            |    42 |       ||    42
       Whip              |    37 |       ||    37
       Hand axe          |    66 |    71 ||   137
       Kick              |     1 |    19 ||    20
 Cast: Corona            |     1 |     2 ||     3
       Confuse           |       |    13 ||    13
  Use: Scroll            |     1 |     4 ||     5
       Potion            |     3 |     4 ||     7
 Stab: Sleeping          |     3 |     2 ||     5
       Distracted        |     1 |       ||     1
       Confused          |       |     2 ||     2
  Eat: Chunk             |     4 |     1 ||     5
       Ration            |       |     1 ||     1
Armor: Robe              |    30 |    21 ||    51
Dodge: Dodged            |    79 |    44 ||   123
Block: Other             |     6 |     7 ||    13
       Reflection        |     2 |       ||     2

Inventory:

Hand Weapons
 a - a +0 hand axe (weapon)
   (You found it on level 1 of the Dungeon)
Armour
 b - a +0 robe (worn) {0}
Jewellery
 h - a ring of magical power (left hand) {MP+9}
   (You found it on level 1 of the Dungeon)
 k - a +3 amulet of reflection (around neck)
   (You found it on level 1 of the Dungeon)
Scrolls
 d - a scroll of remove curse
Potions
 f - a potion of resistance {rF+ rC+}
 n - 2 potions of mutation
Books
 c - a book of Maledictions
Comestibles
 e - 2 rations
 i - 2 chunks of flesh You were in a sewer. You worshipped Elyvilon. Elyvilon was noncommittal. You were very hungry. You visited 1 branch of the dungeon, and saw 4 of its levels. You also visited: Sewer. You collected 106 gold pieces.

Dungeon Overview and Level Annotations

Branches:
Dungeon (4/15)
 Temple: D:4-7

Altars:
Elyvilon

Annotations:
D:3 cirnu's ghost, amateur DsFi

####### ##.....##
#$....@.#
#?$....t#########
#$(..............
#($.....####.####
#$......# .#
##.....## .#
####### .# .# .#


You could see a crocodile.

Notes
Turn   | Place    | Note
-------+----------+-------------------------------------------
     0 | D:1      | theanonym the Ogre Enchanter began the quest for the Orb.
     0 | D:1      | Reached XP level 1. HP: 16/16 MP: 3/3
    48 | D:1      | Reached skill level 1 in Fighting
   267 | D:1      | HP: 10/20 [goblin (3)]
   270 | D:1      | Reached XP level 2. HP: 14/28 MP: 5/5
   514 | D:1      | Reached skill level 2 in Fighting
   672 | D:1      | HP: 14/28 [kobold/dagger (2)]
   681 | D:1      | HP: 12/28 [kobold/dagger (2)]
  1414 | D:1      | Reached XP level 3. HP: 36/36 MP: 6/6
  1419 | D:1      | Learned a level 3 spell: Confuse
  1488 | D:2      | Reached skill level 1 in Axes
  1491 | D:2      | HP: 17/36 [quokka (4)]
  2031 | D:2      | HP: 14/36 [adder (5)]
  2032 | D:2      | Gained mutation: You have sharp toenails. [potion of mutation]
  2032 | D:2      | Gained mutation: Armour fits poorly on your strangely shaped body. [potion of mutation]
  2032 | D:2      | Lost mutation: Armour fits poorly on your strangely shaped body. [potion of mutation]
  2032 | D:2      | Gained mutation: You are agile. (Dex +2) [potion of mutation]
  2033 | D:2      | HP: 6/36 [adder (5)]
  2037 | D:2      | Reached skill level 3 in Fighting
  2037 | D:2      | Reached skill level 2 in Axes
  2037 | D:2      | Reached XP level 4. HP: 31/45 MP: 7/7
  2042 | D:2      | HP: 19/45 [hobgoblin (6)]
  2048 | D:2      | HP: 14/45 [poisoned by an adder]
  2053 | D:2      | HP: 13/45 [poisoned by an adder]
  2060 | D:2      | HP: 12/45 [poisoned by an adder]
  2068 | D:2      | HP: 11/45 [poisoned by an adder]
  2423 | D:2      | Found a white marble altar of Elyvilon.
  2441 | D:2      | Became a worshipper of Elyvilon the Healer
  2646 | D:3      | Noticed cirnu's ghost (amateur DsFi)
  2735 | D:4      | HP: 22/45 [poisoned by an adder]
  2740 | D:4      | HP: 16/45 [adder (1)]
  2746 | D:4      | HP: 10/45 [poisoned by an adder]
  2752 | D:4      | HP: 9/45 [poisoned by an adder]
  2760 | D:4      | HP: 8/45 [poisoned by an adder]
  3015 | D:4      | Learned a level 3 spell: Tukima's Dance
  3063 | D:4      | Reached XP level 5. HP: 36/54 MP: 6/8
  3088 | D:4      | Reached skill level 3 in Axes
  3094 | D:4      | Found a glowing drain.
  3149 | Sewer    | Entered a sewer
  3241 | Sewer    | Noticed a crocodile
  3253 | Sewer    | HP: 20/54 [crocodile (13)]
  3259 | Sewer    | HP: 10/54 [crocodile (16)]
  3261 | Sewer    | Elyvilon protects you from harm!
  3262 | Sewer    | Slain by a crocodile

Vanquished Creatures
  6 adders
  2 oozes (D:2)
  4 worms
  A dart slug (D:1)
  A leopard gecko (D:1)
  7 bats
  3 giant cockroaches
  6 goblins
  6 hobgoblins
  3 jackals (D:2)
  2 quokkas
  A frilled lizard (D:2)
  2 kobolds
  11 rats
55 creatures vanquished.

Table legend:
 A = Turns spent in this place as a percentage of turns spent in the entire game.
 B = Non-inter-level travel turns spent in this place as a percentage of non-inter-level travel turns spent in the entire game.
 C = Inter-level travel turns spent in this place as a percentage of turns spent in this place.
 D = Turns resting spent in this place as a percentage of non-inter-level travel turns spent in this place.
 E = Turns spent auto-exploring this place as a percentage of non-inter-level travel turns spent in this place.
 F = Non-inter-level travel turns spent in this place divided by the number of levels of this place that you've seen.
                   A       B       C       D       E      F
               +-------+-------+-------+-------+-------+----------------------
         Total | 100.0 | 100.0 |   2.3 |  45.0 |  35.9 | 637.4
       Dungeon |  96.5 |  96.5 |   2.4 |  44.6 |  37.2 | 768.5
         Sewer |   3.5 |   3.5 |   0.0 |  57.5 |   0.0 | 113.0
               +-------+-------+-------+-------+-------+----------------------
